Map: Dusk Towers

Players

TakeDown

  • Race: Terran Terran
  • League: Master

Snake - Winner!

  • Race: Zerg Zerg
  • League: Grandmaster

VOD

Have the link to the VOD?

Description

Time

  • Played on: March 8, 2016, 6:06 a.m.
  • Length: 10:47
Show
View Real Time Build Order
Export as new Build Order

TakeDown Terran 

Build Orders: Reaper Expand, MMM Bio, Banshee Rush 

Get SALT Encoding   

  12  0:01  SCV  
  13  0:13  SCV  
  14  0:18  Supply Depot  
  14  0:25  SCV  
  15  0:39  SCV  
  15  0:41  Barracks  
  16  0:44  Refinery  
  16  0:52  SCV  
  17  1:07  SCV  
  18  1:19  SCV  
  19  1:31  Reaper  
  19  1:32  Orbital Command  
  20  1:46  Command Center  
  20  2:00  SCV  
  21  2:04  Supply Depot  
  21  2:11  Factory  
  21  2:17  SCV  
  21  2:20  Refinery  
  22  2:23  Barracks Reactor  
  22  2:29  SCV  
  23  2:41  SCV  
  24  2:54  SCV  
  25  3:09  Marine x2  
  25  3:10  Factory Tech Lab  
  25  3:12  Starport  
  26  3:13  SCV  
  26  3:14  Orbital Command  
  27  3:34  SCV  
  28  3:40  SCV  
  29  3:42  Hellion x2  
  29  3:43  Barracks Tech Lab  
  29  3:46  SCV  
  34  3:52  SCV  
  34  3:55  Supply Depot, Banshee, Cloaking Field  
  35  3:58  SCV  
  35  4:02  Stimpack, Marine  
  40  4:04  SCV  
  41  4:10  SCV  
  41  4:12  Hellion x2  
  41  4:16  SCV  
  47  4:17  Supply Depot  
  47  4:21  Marine  
  47  4:22  SCV  
  49  4:28  SCV  
  50  4:34  Barracks  
  50  4:35  Barracks  
  50  4:39  SCV  
  50  4:40  Banshee  
  50  4:41  SCV  
  50  4:43  Factory Reactor  
  55  4:49  Supply Depot  
  55  4:50  Marine  
  55  4:51  SCV  
  57  4:53  SCV  
  57  4:57  Supply Depot  
  58  5:03  SCV  
  58  5:05  SCV  
  60  5:14  Command Center  
  60  5:15  SCV  
  60  5:17  SCV  
  51  5:43  Marine  
  51  5:44  Marine  
  51  5:45  Engineering Bay x2  
  51  5:47  Siege Tank, Starport Reactor  
  51  5:48  Marine x3  
  51  5:49  SCV x2  
  61  5:52  Refinery x2, Engineering Bay x2  
  61  5:54  Barracks  
  61  5:56  Barracks  
  61  6:01  SCV x2  
  61  6:03  Marine x2  
  65  6:04  Combat Shields  
  65  6:06  Marine  
  66  6:13  SCV  
  66  6:16  Marine x2  
  69  6:20  Marine  
  69  6:21  Marine  
  71  6:26  Marine  
  71  6:27  Medivac x2, Siege Tank  
  79  6:33  Marine  
  79  6:34  Marine  
  78  6:40  Marine x2  
  78  6:43  Orbital Command  
  78  6:46  Barracks Reactor, Terran Infantry Weapons Level 1, Terran Infantry Armor Level 1  
  80  6:51  Barracks Reactor  
  80  6:52  Marine x3  
  83  6:56  Supply Depot  
  83  6:57  Supply Depot  
  83  7:05  Orbital Command  
  83  7:07  Marine x2  
  87  7:09  Siege Tank  
  87  7:10  Marine x2  
  87  7:12  SCV x2  
  92  7:16  Marine  
  92  7:20  Supply Depot  
  92  7:21  Supply Depot  
  93  7:23  Medivac x2, Marine x2  
  93  7:24  Supply Depot  
  94  7:51  Marine  
  94  7:52  Marine x8  
  97  8:01  Medivac x2, Siege Tank  
  97  8:03  SCV x3  
  105  8:09  Marine x2  
  105  8:10  Marine x4  
  105  8:11  Armory  
  111  8:15  SCV x3, Marine  
  111  8:16  Marine  
  117  8:20  Marauder  
  118  8:27  SCV x3, Marine x2  
  123  8:39  SCV x3  
  126  8:42  Marine x4, Siege Tank  
  126  8:45  Command Center  
  133  8:48  Supply Depot, Marine x3  
  133  8:50  Supply Depot  
  136  9:04  Marine x3  
  139  9:13  Marine x6  
  139  9:14  Medivac  
  139  9:15  Medivac  
  149  9:21  Marine  
  149  9:22  Marine x2  
  152  9:31  Marine x6  
  154  9:39  Marine x3  
  154  9:41  Siege Tank  
  154  9:44  Factory, Medivac  
  161  9:47  Refinery x2, Barracks  
  161  9:48  Marine x2  
  161  9:49  Marine x2  
  161  9:50  Barracks  
  161  9:52  Supply Depot x3, Barracks  
  165  9:56  Marine  
Show
View Real Time Build Order
Export as new Build Order

Snake Zerg - Winner!

Build Orders: Hatch First 

Get SALT Encoding   

  12  0:01  Drone  
  13  0:14  Overlord  
  13  0:18  Drone  
  14  0:33  Drone  
  14  0:34  Drone  
  16  0:38  Drone  
  17  0:49  Drone  
  18  1:00  Hatchery  
  17  1:06  Drone  
  18  1:16  Spawning Pool  
  17  1:20  Drone  
  18  1:45  Hatchery  
  17  1:47  Drone  
  18  1:59  Drone, Overlord  
  19  2:08  Queen  
  21  2:09  Zergling x2  
  21  2:13  Queen  
  23  2:18  Zergling x2  
  23  2:21  Zergling x2  
  25  2:26  Drone x2  
  27  2:33  Drone  
  28  2:43  Drone x2  
  30  2:44  Queen  
  30  2:50  Queen  
  34  3:05  Drone x5  
  39  3:06  Drone  
  39  3:09  Drone  
  41  3:14  Drone  
  41  3:19  Overlord  
  42  3:21  Overlord  
  42  3:24  Overlord  
  42  3:32  Overlord  
  42  3:33  Extractor, Drone  
  42  3:34  Overlord  
  42  3:37  Extractor  
  42  3:38  Drone x2  
  43  3:42  Drone  
  43  3:43  Drone  
  43  3:46  Drone  
  43  3:47  Drone x2  
  48  3:49  Drone  
  49  3:56  Drone x3  
  49  4:02  Drone x2  
  54  4:03  Drone x3  
  54  4:04  Drone  
  58  4:11  Drone  
  60  4:17  Drone x2  
  60  4:21  Overlord  
  60  4:22  Roach Warren, Extractor  
  59  4:25  Drone x2  
  59  4:28  Extractor  
  60  4:31  Extractor  
  60  4:34  Overlord  
  60  4:35  Drone x3  
  62  4:42  Drone x3  
  65  4:47  Overlord  
  65  4:53  Lair, Queen  
  65  4:56  Queen  
  65  4:59  Spine Crawler  
  68  5:00  Overlord  
  68  5:01  Roach x3  
  68  5:02  Drone x2, Roach x2  
  80  5:08  Extractor, Spore Crawler  
  80  5:10  Spore Crawler  
  80  5:11  Drone x2, Spore Crawler  
  77  5:19  Drone x3  
  76  5:22  Drone x2  
  75  5:28  Drone  
  75  5:29  Drone x2  
  75  5:32  Drone x2  
  77  5:36  Drone x2  
  77  5:38  Drone  
  77  5:39  Drone  
  77  5:41  Ravager  
  82  5:45  Drone x3  
  85  5:53  Drone x2  
  85  5:54  Drone x2  
  89  5:57  Glial Reconstitution  
  89  5:58  Metabolic Boost, Infestation Pit  
  89  6:00  Drone  
  89  6:03  Extractor  
  88  6:08  Drone x2  
  88  6:09  Drone x3  
  88  6:10  Drone  
  94  6:16  Overlord  
  94  6:18  Overlord  
  94  6:19  Overseer  
  94  6:20  Overlord  
  94  6:24  Overlord  
  92  6:29  Overlord  
  92  6:35  Zergling x2, Hive  
  92  6:37  Drone x3  
  93  6:40  Drone  
  93  6:41  Evolution Chamber x2, Drone  
  93  6:42  Zergling x2  
  93  6:43  Zergling x2, Baneling Nest  
  93  6:46  Drone x2  
  96  6:48  Pneumatized Carapace  
  96  6:58  Drone  
  96  6:59  Drone  
  98  7:02  Zergling x2  
  98  7:03  Zergling x16  
  98  7:05  Pathogen Glands  
  98  7:08  Zerg Melee Weapons Level 1  
  107  7:10  Zerg Ground Armor Level 1  
  107  7:17  Spire  
  106  7:25  Zergling x4  
  106  7:26  Zergling x12  
  114  7:34  Centrifical Hooks  
  111  7:39  Baneling  
  111  7:40  Infestor x3, Baneling x6  
  117  7:45  Zergling x2  
  117  7:46  Zergling x16  
  125  7:53  Overlord  
  123  8:04  Hatchery  
  122  8:07  Infestor  
  122  8:08  Zergling x2  
  122  8:09  Zergling x16  
  122  8:10  Ultralisk Cavern  
  122  8:12  Zergling x2  
  133  8:18  Zergling x2  
  134  8:21  Zergling x2  
  134  8:25  Zergling x2  
  136  8:30  Zerg Flyer Armor Level 1  
  136  8:31  Overlord x2  
  136  8:32  Infestor  
  136  8:33  Queen  
  140  8:36  Zergling x2  
  140  8:37  Zergling x4  
  143  8:49  Zergling x18  
  150  9:10  Chitinous Plating  
  150  9:11  Ultralisk  
  156  9:18  Ultralisk  
  156  9:20  Overlord x4  
  162  9:24  Spore Crawler  
  162  9:25  Overlord  
  162  9:27  Spore Crawler, Overlord  
  162  9:28  Spore Crawler x2  
  162  9:29  Drone  
  162  9:30  Drone x3  
  161  9:43  Overlord  
  161  9:45  Ultralisk, Overlord  
  167  9:52  Ultralisk, Drone  
  174  9:53  Drone  
  174  9:54  Extractor  
  174  10:01  Drone x4  
  174  10:02  Drone  
  174  10:05  Infestor  
  181  10:09  Drone x3  
  184  10:17  Baneling  
  184  10:18  Baneling x6  
  190  10:24  Zergling x2  
  190  10:25  Zergling x10  
  187  10:29  Extractor  
Tags
 
Add a new tag
Caveats
  • Supply blocks, unpowered buildings, or Contaminate may cause inaccurate times.
  • Supply counts are checked every 10 seconds.